 Dungeon Crawl Stone Soup version 0.30.0-10-gfe55d96785 (webtiles) character file.

Game seed: 13080965056079379914

33145 qw the Cleaver (level 13, -1/82 HPs)
             Began as a Gargoyle Fighter on May 13, 2023.
             Was an Elder of Okawaru.
             Slain by a dire elephant simulacrum (44 damage)
             ... on level 5 of the Lair of Beasts.
             The game lasted 00:10:23 (12555 turns).

qw the Cleaver (Gargoyle Fighter)                  Turns: 12555, Time: 00:10:24

Health: -1/82      AC: 29    Str: 29 (30) XL:     13   Next: 69%
Magic:  20/20      EV: 14    Int:  7      God:    Okawaru [****..]
Gold:   974        SH: 17    Dex:  8      Spells: 12/12 levels left

rFire   . . .        k - +2 war axe (vamp)
rCold   . . .        i - +0 kite shield
rNeg    + . .        s - +0 plate armour
rPois   inf          (no helmet)
rElec   +            (no cloak)
rCorr   .            (no gloves)
SInv    +            n - +2 pair of boots
Will    .....        r - amulet of reflection Stlth
                     g - ring of see invisible
HPRegen 0.33/turn    p - +5 ring of evasion
MPRegen 0.17/turn

%: reflection
@: heroic
A: sickness immunity, AC +9, negative energy resistance 1, electricity
resistance, torment resistance 1, petrification resistance, fangs 1,
deterioration 1, strong 1
a: Renounce Religion, Heroism, Finesse


You were on level 5 of the Lair of Beasts.
You worshipped Okawaru.
Okawaru was greatly pleased with you.
You visited 3 branches of the dungeon, and saw 14 of its levels.

You collected 974 gold pieces.


Innate Abilities, Weirdness & Mutations

You are immune to sickness and miasma.
Your stone body is resilient. (AC +9)
You are immune to poison.
You resist negative energy. (rN+)
You are resistant to electric shocks. (rElec)
You are resistant to unholy torment.
You are immune to petrification.
You have very sharp teeth.
Your body sometimes deteriorates upon taking damage.
Your muscles are strong. (Str +4, Int/Dex -1)


   Skills:
 - Level 10.0(15.0) Fighting
 + Level 13.6(18.6) Axes
 - Level 3.0(8.0) Throwing
 - Level 9.0(14.0) Armour
 - Level 2.0(7.0) Dodging
 - Level 11.0(16.0) Shields
 - Level 10.0 Invocations


You had 12 spell levels left.
You didn't know any spells.
Your spell library was empty.

Inventory:

Hand Weapons
 e - a +0 broad axe of draining
 k - a +2 vampiric war axe (weapon)
 t - a +0 morningstar
Armour
 i - a +0 kite shield (worn)
 n - a +2 pair of boots (worn)
 o - a +0 cloak
 s - a +0 plate armour (worn)
Jewellery
 g - a ring of see invisible (left hand)
 p - a +5 ring of evasion (right hand)
 r - an amulet of reflection (around neck)
 v - a +6 ring of dexterity
Wands
 u - a wand of digging (4)
Scrolls
 f - a scroll of teleportation
 j - 5 scrolls of identify
Potions
 a - a potion of mutation
 b - 2 potions of haste
 c - 3 potions of attraction
 d - 6 potions of might
 h - 2 potions of resistance
 l - 3 potions of lignification
 m - 9 potions of curing

Dungeon Overview and Level Annotations

Branches:
Dungeon (8/15)             Temple (1/1) D:4            Lair (5/5) D:8
 Shoals (0/4) Lair:3       Spider (0/4) Lair:2        Slime (0/5) Lair:5

Altars:
Ashenzari
Cheibriados
Dithmenos
Fedhas
Gozag
Hepliaklqana
Kikubaaqudgha
Makhleb
Nemelex Xobeh
Okawaru
Qazlal
Ru
Sif Muna
Uskayaw
Vehumet
Wu Jian
Xom
Yredelemnul
Zin
The Shining One
Jiyva

Shops:
D:4 =   D:8 [

Annotations:
D:3 3 runed translucent doors, qw's ghost, amateur GrFi
D:6 1 runed translucent door, Crazy Yiuf


Message History

The dire elephant simulacrum misses you.
You block the dire elephant's attack. The dire elephant misses you.
You slice the dire elephant!!
You feel better.
You kill the dire elephant!
Okawaru accepts your kill.
You hit the dire elephant.
You hit the dire elephant simulacrum but do no damage.
A freezing mist starts to gather...
A dire elephant simulacrum comes into view.
The dire elephant simulacrum tramples you but does no damage.
The dire elephant simulacrum trunk-slaps you but does no damage.
You feel your strength returning.
You hit the dire elephant but do no damage.
The dire elephant is heavily wounded.
You hit the dire elephant simulacrum.
You hit the dire elephant simulacrum but do no damage.
The dire elephant's soul is no longer bound.
You block the dire elephant's attack. The dire elephant barely misses you.
You slash the dire elephant simulacrum!
The dire elephant simulacrum is almost destroyed.
You slash the dire elephant! You slash the dire elephant simulacrum!
The dire elephant tramples you but does no damage.
The dire elephant closely misses you.
You block the dire elephant simulacrum's attack. x2
The dire elephant simulacrum barely misses you.
The dire elephant simulacrum trunk-slaps you but does no damage.
You slash the dire elephant simulacrum!
The dire elephant simulacrum vaporises!
You hit the dire elephant but do no damage.
You hit the dire elephant simulacrum but do no damage.
The dire elephant completely misses you.
You block the dire elephant's attack.
You slash the dire elephant!
The dire elephant is heavily wounded.
You hit the dire elephant simulacrum.
The dire elephant simulacrum completely misses you.
The dire elephant simulacrum trunk-slaps you.
The dire elephant simulacrum freezes you!!!
Ouch! That really hurt!
You die...

###### 77#.#..#### ##77.......P.#
#.7..........###
##.....#.#..#...#
#...77####''#''#### ## #7.77
#8..#..0.8##.~~## ...8# ##'##
#P..#..@Y.'..~~~'....[# ##.##
#.#.####Z8#.~~~~'.p./!# #####
#+#...P#### ~~~~#8?..8# ####8Z
####....# ~~.###### Z... ####.###
.###8P8## ### 8..P..
#777##...#####8.}P8## #.##
#######7....###.............
##.7#####77.......7########'''###
#................................


You could see a dire elephant and a dire elephant simulacrum.

Vanquished Creatures
  3 dire elephants (Lair:5)
  2 hydras (Lair:5)
  A boulder beetle (D:6)
  A two-headed ogre (D:8)
  A death yak (Lair:5)
  A skyshark (Lair:4)
  A spectral anaconda (Lair:5)
  A lindwurm (Lair:1)
  Pikel (D:6)
  An obsidian statue (Lair:5)
  A necromancer (Lair:5)
  2 black mambas (Lair:5)
  3 elephants (Lair:1)
  4 torpor snails
  A rime drake (Lair:3)
  8 cane toads
  8 komodo dragons
  A polar bear (Lair:5)
  2 hornets
  Grinder (D:3)
  24 blink frogs
  7 dream sheep
  40 yaks
  A wyvern (Lair:1)
  4 basilisks
  Duvessa (D:6)
  7 water moccasins
  2 black bears (D:6)
  An orc warrior (D:7)
  17 wolves
  An ogre (D:5)
  A centaur (D:8)
  A lemure (D:6)
  A phantom (D:5)
  3 kobold brigands
  10 bullfrogs
  A gnoll sergeant (D:8)
  3 scorpions
  8 wights
  Dowan (D:6)
  A howler monkey (D:8)
  2 electric eels
  4 orc priests
  6 hounds
  2 iguanas
  4 orc wizards
  9 adders
  7 gnolls
  A shadow imp (D:5)
  A white imp (D:7)
  An ufetubus (D:4)
  A worm (D:2)
  4 dart slugs
  13 orcs
  4 ball pythons
  3 endoplasms (D:1)
  6 giant cockroaches
  4 goblins
  5 hobgoblins
  8 jackals
  15 kobolds
  A quokka (D:1)
  4 bats
  3 rats
287 creatures vanquished.

Notes
Turn   | Place    | Note
-------+----------+-------------------------------------------
     0 | D:1      | qw the Gargoyle Fighter began the quest for the Orb.
     0 | D:1      | Reached XP level 1. HP: 14/14 MP: 1/1
     0 | D:1      | 0 ||| qw: Version: 0.2-a-92-gb77fa06
     0 | D:1      | 0 ||| qw: Game counter: 11
     0 | D:1      | 0 ||| qw: Always use a shield: true
     0 | D:1      | 0 ||| qw: God list: Okawaru
     0 | D:1      | 0 ||| qw: Allow faded altars: false
     0 | D:1      | 0 ||| qw: Do Orc after D:15 true
     0 | D:1      | 0 ||| qw: Do second Lair branch before Depths: true
     0 | D:1      | 0 ||| qw: Lair rune preference: random
     0 | D:1      | 0 ||| qw: Plans: Normal, Zot:1-4, God:TSO, Crypt, Tomb,
                  | Pan, Slime:5, Hells, Abyss, Win
     0 | D:1      | 0 ||| PLANNING D:1-11
    43 | D:1      | Reached skill level 2 in Axes
   143 | D:1      | 143 ||| Stepping ~*~*~tactically~*~*~ (hiding).
   144 | D:1      | 144 ||| Stepping ~*~*~tactically~*~*~ (hiding).
   216 | D:1      | Reached XP level 2. HP: 19/19 MP: 2/2
   258 | D:1      | 258 ||| Stepping ~*~*~tactically~*~*~ (hiding).
   470 | D:1      | 470 ||| DROPPING +0 whip.
   611 | D:1      | 611 ||| Stepping ~*~*~tactically~*~*~ (stealth).
   624 | D:1      | 624 ||| Stepping ~*~*~tactically~*~*~ (stealth).
   672 | D:1      | Reached skill level 3 in Axes
   775 | D:1      | 775 ||| DROPPING amulet of magic regeneration.
   776 | D:1      | 776 ||| UPGRADING to ring of see invisible.
   777 | D:1      | 777 ||| READING scroll labelled XAZISY DOEFFU.
   778 | D:1      | 778 ||| READING scroll labelled HAETUTI ONEX.
   781 | D:1      | 781 ||| READING 2 scrolls labelled POMOTENG XIADUA.
   782 | D:1      | 782 ||| READING scroll labelled TYSSEA VIDIMOTHEM.
   822 | D:2      | Reached XP level 3. HP: 23/23 MP: 3/3
  1376 | D:2      | 1376 ||| READING scroll labelled CAJ MAURAM.
  1377 | D:2      | 1377 ||| DRINKING 2 green potions.
  1378 | D:2      | 1378 ||| DROPPING potion of magic.
  1510 | D:3      | Noticed a black bear
  1551 | D:3      | 1551 ||| Stepping ~*~*~tactically~*~*~ (hiding).
  1713 | D:3      | Noticed Grinder
  1714 | D:3      | Paralysed by Grinder for 2 turns
  1727 | D:3      | Killed Grinder
  1728 | D:3      | Reached skill level 5 in Axes
  1728 | D:3      | Reached XP level 4. HP: 23/28 MP: 4/4
  1728 | D:3      | Reached XP level 5. HP: 26/32 MP: 5/5
  1728 | D:3      | Reached XP level 6. HP: 30/37 MP: 6/6
  1763 | D:3      | Found a shimmering blue altar of Sif Muna.
  1809 | D:3      | Found a runed translucent gate.
  1809 | D:3      | Found a runed translucent gate.
  1811 | D:3      | Found a runed translucent gate.
  1813 | D:3      | Noticed qw's ghost (amateur GrFi)
  1855 | D:3      | 1855 ||| Stepping ~*~*~tactically~*~*~ (hiding).
  2047 | D:3      | 2047 ||| DROPPING +3 leather armour.
  2048 | D:3      | 2048 ||| UPGRADING to +1 pair of boots.
  2053 | D:3      | 2053 ||| READING scroll labelled ADEINN VONA.
  2054 | D:3      | 2054 ||| READING 2 scrolls of identify.
  2054 | D:3      | 2054 ||| IDENTIFYING bubbling white potion
  2264 | D:4      | Reached skill level 1 in Dodging
  2374 | D:4      | Found a staircase to the Ecumenical Temple.
  2375 | D:4      | 2375 ||| PLANNING TEMPLE
  2375 | D:4      | 2375 ||| DRINKING 2 emerald potions.
  2376 | D:4      | 2376 ||| READING 2 scrolls of identify.
  2376 | D:4      | 2376 ||| IDENTIFYING orange potion
  2377 | D:4      | 2377 ||| DROPPING potion of degeneration.
  2382 | D:4      | 2382 ||| Stepping ~*~*~tactically~*~*~ (stealth).
  2401 | Temple   | Entered the Ecumenical Temple
  2402 | Temple   | 2402 ||| PLANNING OKAWARU WORSHIP
  2535 | Temple   | Became a worshipper of Warmaster Okawaru
  2536 | Temple   | 2536 ||| PLANNING D:1-11
  2629 | D:4      | 2629 ||| Stepping ~*~*~tactically~*~*~ (hiding).
  2630 | D:4      | 2630 ||| Stepping ~*~*~tactically~*~*~ (hiding).
  2634 | D:4      | 2634 ||| Stepping ~*~*~tactically~*~*~ (hiding).
  2757 | D:4      | Reached skill level 6 in Axes
  2757 | D:4      | Reached XP level 7. HP: 44/44 MP: 7/7
  2763 | D:4      | 2763 ||| Stepping ~*~*~tactically~*~*~ (stealth).
  2791 | D:4      | Found Xekaloh's Jewellery Shoppe.
  2809 | D:4      | 2809 ||| SHOPLISTING +4 ring of slaying (1014 gold, have
                  | 225).
  2809 | D:4      | 2809 ||| SHOPLISTING amulet of reflection (390 gold, have
                  | 225).
  2809 | D:4      | 2809 ||| SHOPLISTING ring of Juer {rC+ rN+} (470 gold, have
                  | 225).
  2809 | D:4      | 2809 ||| SHOPLISTING ring of protection from cold (325
                  | gold, have 225).
  2809 | D:4      | 2809 ||| SHOPLISTING ring of willpower (325 gold, have
                  | 225).
  3030 | D:4      | 3030 ||| UPGRADING to amulet of regeneration.
  3035 | D:4      | 3035 ||| READING scroll labelled IMITUT OMATU.
  3036 | D:4      | 3036 ||| READING 2 scrolls of identify.
  3036 | D:4      | 3036 ||| IDENTIFYING ruby potion
  3037 | D:4      | 3037 ||| DROPPING potion of flight.
  3048 | D:5      | Entered Level 5 of the Dungeon
  3127 | D:5      | 3127 ||| Stepping ~*~*~tactically~*~*~ (stealth).
  3139 | D:5      | 3139 ||| Stepping ~*~*~tactically~*~*~ (stealth).
  3186 | D:5      | Found a blossoming altar of Fedhas.
  3209 | D:5      | 3209 ||| Stepping ~*~*~tactically~*~*~ (hiding).
  3266 | D:5      | Found a radiant altar of Vehumet.
  3320 | D:5      | Reached skill level 7 in Axes
  3633 | D:5      | Reached * piety under Okawaru
  3634 | D:5      | Reached XP level 8. HP: 25/49 MP: 8/8
  3693 | D:5      | 3693 ||| DROPPING +4 whip.
  3696 | D:5      | 3696 ||| Stepping ~*~*~tactically~*~*~ (hiding).
  3697 | D:5      | 3697 ||| Stepping ~*~*~tactically~*~*~ (hiding).
  3698 | D:5      | 3698 ||| Stepping ~*~*~tactically~*~*~ (hiding).
  3700 | D:5      | 3700 ||| Stepping ~*~*~tactically~*~*~ (hiding).
  3703 | D:5      | 3703 ||| INVOKING Heroism.
  3738 | D:5      | 3738 ||| Stepping ~*~*~tactically~*~*~ (hiding).
  3787 | D:5      | Reached skill level 1 in Invocations
  4040 | D:5      | 4040 ||| UPGRADING to +5 ring of evasion.
  4041 | D:5      | 4041 ||| READING scroll labelled IBLETE TORITYL.
  4042 | D:5      | 4042 ||| READING scroll labelled QEKIOKHLONWI.
  4043 | D:5      | 4043 ||| DRINKING 2 sedimented sapphire potions.
  4044 | D:5      | 4044 ||| READING 2 scrolls of identify.
  4044 | D:5      | 4044 ||| IDENTIFYING dark potion
  4045 | D:5      | 4045 ||| DROPPING potion of berserk rage.
  4086 | D:6      | 4086 ||| INVOKING Heroism.
  4095 | D:6      | Reached skill level 8 in Axes
  4237 | D:6      | 4237 ||| INVOKING Heroism.
  4249 | D:6      | Reached skill level 1 in Throwing
  4311 | D:6      | 4311 ||| INVOKING Heroism.
  4406 | D:6      | Noticed Pikel
  4407 | D:6      | 4407 ||| Stepping ~*~*~tactically~*~*~ (stealth).
  4417 | D:6      | 4417 ||| INVOKING Heroism.
  4430 | D:6      | Killed Pikel
  4431 | D:6      | Reached XP level 9. HP: 51/58 MP: 8/10
  4591 | D:6      | 4591 ||| INVOKING Heroism.
  4592 | D:6      | 4592 ||| INVOKING Heroism.
  4659 | D:6      | Found a runed translucent door.
  4660 | D:6      | Noticed Crazy Yiuf
  4783 | D:6      | Noticed a boulder beetle
  4784 | D:6      | 4784 ||| DROPPING amulet of the acrobat.
  4785 | D:6      | 4785 ||| READING scroll labelled DIBOAPPIBB.
  4793 | D:6      | 4793 ||| Stepping ~*~*~tactically~*~*~ (hiding).
  4839 | D:6      | 4839 ||| Stepping ~*~*~tactically~*~*~ (stealth).
  4857 | D:6      | 4857 ||| INVOKING Heroism.
  4871 | D:6      | 4871 ||| INVOKING Heroism.
  4890 | D:6      | Killed a boulder beetle
  4947 | D:6      | Noticed Duvessa
  4948 | D:6      | 4948 ||| INVOKING Heroism.
  4951 | D:6      | Noticed Dowan
  4964 | D:6      | Killed Duvessa
  4965 | D:6      | Reached skill level 9 in Axes
  4965 | D:6      | 4965 ||| Stepping ~*~*~tactically~*~*~ (hiding).
  4973 | D:6      | Killed Dowan
  5031 | D:6      | 5031 ||| Stepping ~*~*~tactically~*~*~ (hiding).
  5350 | D:6      | 5350 ||| UPGRADING to +1 ring mail of cold resistance.
  5360 | D:6      | 5360 ||| UPGRADING to amulet of reflection.
  5370 | D:6      | 5370 ||| DROPPING amulet of regeneration.
  5478 | D:7      | 5478 ||| Stepping ~*~*~tactically~*~*~ (stealth).
  5479 | D:7      | 5479 ||| INVOKING Heroism.
  5544 | D:7      | Reached ** piety under Okawaru
  5591 | D:7      | Found a glowing silver altar of Zin.
  5986 | D:7      | 5986 ||| Stepping ~*~*~tactically~*~*~ (stealth).
  5988 | D:7      | 5988 ||| Stepping ~*~*~tactically~*~*~ (stealth).
  6014 | D:7      | 6014 ||| Stepping ~*~*~tactically~*~*~ (stealth).
  6053 | D:7      | 6053 ||| Stepping ~*~*~tactically~*~*~ (stealth).
  6259 | D:7      | Identified the ring "Wuerata" {+Blink rPois Dex+2}
  6316 | D:7      | 6316 ||| DROPPING +0 scale mail.
  6317 | D:7      | 6317 ||| UPGRADING to +0 plate armour.
  6327 | D:7      | 6327 ||| DROPPING +1 ring mail of cold resistance.
  6328 | D:7      | 6328 ||| READING scroll labelled SEMUTOC YNAGRU.
  6429 | D:7      | 6429 ||| READING scroll labelled HURUUZ IXTEUF.
  6430 | D:7      | 6430 ||| DRINKING 3 black potions.
  6431 | D:7      | 6431 ||| DRINKING 2 bubbling blue potions.
  6463 | D:7      | 6463 ||| READING 3 scrolls of identify.
  6463 | D:7      | 6463 ||| IDENTIFYING fuming blue potion
  6464 | D:7      | 6464 ||| READING 2 scrolls of identify.
  6464 | D:7      | 6464 ||| IDENTIFYING viscous grey potion
  6465 | D:7      | 6465 ||| DROPPING 2 potions of brilliance.
  6466 | D:7      | 6466 ||| DROPPING potion of ambrosia.
  6494 | D:8      | Noticed a hornet
  6502 | D:8      | Killed a hornet
  6503 | D:8      | Reached XP level 10. HP: 54/64 MP: 13/13
  6606 | D:8      | 6606 ||| Stepping ~*~*~tactically~*~*~ (stealth).
  6609 | D:8      | 6609 ||| Stepping ~*~*~tactically~*~*~ (stealth).
  6612 | D:8      | 6612 ||| Stepping ~*~*~tactically~*~*~ (stealth).
  6682 | D:8      | Found a sparkling altar of Nemelex Xobeh.
  6688 | D:8      | 6688 ||| Stepping ~*~*~tactically~*~*~ (stealth).
  6753 | D:8      | 6753 ||| SWAPPING to +2 vampiric war axe.
  6754 | D:8      | 6754 ||| DROPPING +1 war axe.
  6785 | D:8      | Found Fucreo Ikol's Antique Armour Emporium.
  6839 | D:8      | Reached skill level 6 in Armour
  6858 | D:8      | Found a staircase to the Lair.
  6903 | D:8      | Reached skill level 10 in Axes
  6917 | D:8      | Noticed a two-headed ogre
  6918 | D:8      | 6918 ||| INVOKING Heroism.
  6926 | D:8      | Killed a two-headed ogre
  7278 | D:8      | 7278 ||| PLANNING LAIR
  7278 | D:8      | 7278 ||| UPGRADING to +0 kite shield.
  7288 | D:8      | 7288 ||| DROPPING +0 buckler.
  7289 | D:8      | 7289 ||| DROPPING ring of flight.
  7290 | D:8      | 7290 ||| READING 2 scrolls of identify.
  7290 | D:8      | 7290 ||| IDENTIFYING sedimented purple potion
  7341 | Lair:1   | Entered Level 1 of the Lair of Beasts
  7341 | Lair:1   | Noticed a cane toad
  7342 | Lair:1   | 7342 ||| INVOKING Heroism.
  7350 | Lair:1   | Killed a cane toad
  7380 | Lair:1   | 7380 ||| READING scroll of enchant armour.
  7380 | Lair:1   | 7380 ||| ENCHANTING +1 pair of boots.
  7438 | Lair:1   | Reached *** piety under Okawaru
  7439 | Lair:1   | Reached skill level 6 in Shields
  7643 | Lair:1   | Noticed an elephant
  7645 | Lair:1   | 7645 ||| Stepping ~*~*~tactically~*~*~ (stealth).
  7645 | Lair:1   | Noticed an elephant
  7647 | Lair:1   | Noticed an elephant
  7649 | Lair:1   | 7649 ||| INVOKING Heroism.
  7659 | Lair:1   | Killed an elephant
  7663 | Lair:1   | Killed an elephant
  7665 | Lair:1   | Reached XP level 11. HP: 67/69 MP: 12/14
  7675 | Lair:1   | Reached skill level 9 in Shields
  7676 | Lair:1   | Reached **** piety under Okawaru
  7683 | Lair:1   | 7683 ||| INVOKING Heroism.
  7712 | Lair:1   | 7712 ||| INVOKING Heroism.
  7730 | Lair:1   | 7730 ||| Stepping ~*~*~tactically~*~*~ (stealth).
  7731 | Lair:1   | 7731 ||| Stepping ~*~*~tactically~*~*~ (stealth).
  7732 | Lair:1   | 7732 ||| Stepping ~*~*~tactically~*~*~ (stealth).
  7948 | Lair:1   | 7948 ||| INVOKING Heroism.
  7957 | Lair:1   | Received a gift from Okawaru
  7984 | Lair:1   | Reached skill level 6 in Invocations
  7992 | Lair:1   | 7992 ||| INVOKING Heroism.
  8287 | Lair:1   | 8287 ||| Stepping ~*~*~tactically~*~*~ (stealth).
  8288 | Lair:1   | 8288 ||| Stepping ~*~*~tactically~*~*~ (stealth).
  8296 | Lair:1   | Received a gift from Okawaru
  8297 | Lair:1   | Reached skill level 11 in Axes
  8322 | Lair:1   | 8322 ||| DROPPING +0 flail.
  8335 | Lair:1   | 8335 ||| INVOKING Heroism.
  8336 | Lair:1   | 8336 ||| Stepping ~*~*~tactically~*~*~ (stealth).
  8363 | Lair:1   | Received a gift from Okawaru
  8450 | Lair:1   | 8450 ||| DROPPING ring "Wuerata" {+Blink rPois Dex+2}.
  8451 | Lair:1   | 8451 ||| READING 2 scrolls of identify.
  8451 | Lair:1   | 8451 ||| IDENTIFYING fuming ruby potion
  8464 | Lair:2   | 8464 ||| Stepping ~*~*~tactically~*~*~ (stealth).
  8466 | Lair:2   | 8466 ||| Stepping ~*~*~tactically~*~*~ (stealth).
  8479 | Lair:2   | Noticed a lindwurm
  8480 | Lair:2   | 8480 ||| INVOKING Heroism.
  8488 | Lair:2   | Reached skill level 3 in Throwing
  8488 | Lair:2   | 8488 ||| STAIRDANCE
  8496 | Lair:1   | Killed a lindwurm
  8496 | Lair:1   | Received a gift from Okawaru
  8667 | Lair:2   | Found a hole to the Spider Nest.
  8667 | Lair:2   | Noticed an orb spider
  8673 | Lair:2   | HP: 7/69 [disintegration (62)]
  8674 | Lair:2   | 8674 ||| READING 3 scrolls of teleportation.
  8675 | Lair:2   | 8675 ||| DRINKING potion of heal wounds.
  8676 | Lair:2   | 8676 ||| DROPPING amulet of faith.
  8677 | Lair:2   | 8677 ||| READING scroll labelled HOILLAD KOYWEDICK.
  8678 | Lair:2   | 8678 ||| PLANNING LAIR
  8678 | Lair:2   | 8678 ||| PLANNING LAIR
  8678 | Lair:2   | 8678 ||| Traversal map at 0,0 (floor)
  8678 | Lair:2   | 8678 |||
  8678 | Lair:2   | 8678 |||
  8678 | Lair:2   | 8678 |||
  8678 | Lair:2   | 8678 |||
  8678 | Lair:2   | 8678 |||
  8678 | Lair:2   | 8678 |||
  8678 | Lair:2   | 8678 |||
  8678 | Lair:2   | 8678 |||
  8678 | Lair:2   | 8678 |||
  8678 | Lair:2   | 8678 |||
  8678 | Lair:2   | 8678 ||| #### ### #### ### #####
  8678 | Lair:2   | 8678 ||| ###...##.###..####.####.#.#
  8678 | Lair:2   | 8678 ||| ...... ...........................
  8678 | Lair:2   | 8678 ||| ...#..## ....##....#.#..#....##.##..
  8678 | Lair:2   | 8678 ||| .... ... ..........................
  8678 | Lair:2   | 8678 ||| ...##.#### #..............#.......
  8678 | Lair:2   | 8678 ||| .......... #...#..................
  8678 | Lair:2   | 8678 ||| .......... # #.#..##.##.........#..#.
  8678 | Lair:2   | 8678 ||| ........... #.#.####..##................
  8678 | Lair:2   | 8678 ||| ....##.##.###.........###...#..#..#..###.
  8678 | Lair:2   | 8678 ||| ............# .#####@#..##...............
  8678 | Lair:2   | 8678 ||| ##.#.###....##..#.#.....##.###..#.##.....
  8678 | Lair:2   | 8678 ||| ............#...##..#...##...............
  8678 | Lair:2   | 8678 ||| ........#.#.#...##......###..#........###
  8678 | Lair:2   | 8678 ||| .........#.## .###.#...####.###.......#..
  8678 | Lair:2   | 8678 ||| ............#...... ..#.#................
  8678 | Lair:2   | 8678 ||| ##.#........###.#####..###..............#
  8678 | Lair:2   | 8678 ||| .............### ##.###.................
  8678 | Lair:2   | 8678 ||| .##....#.......###...##..#####.......#.#.
  8678 | Lair:2   | 8678 ||| .........................................
  8678 | Lair:2   | 8678 ||| ..#....##..###..............#..##........
  8678 | Lair:2   | 8678 ||| #.##..##...######............##..........
  8678 | Lair:2   | 8678 ||| . ......................................
  8678 | Lair:2   | 8678 ||| . ##.#.#...........####....#.##...##.##.
  8678 | Lair:2   | 8678 ||| ..##..................#.####..###...
  8678 | Lair:2   | 8678 ||| .. .................................
  8678 | Lair:2   | 8678 ||| .......##........#.#..#..#...#...
  8678 | Lair:2   | 8678 ||| .................................
  8678 | Lair:2   | 8678 ||| ....###.......................##.
  8678 | Lair:2   | 8678 ||| .............................. ..
  8678 | Lair:2   | 8678 ||| ###..........#...#.##..#...#
  8890 | Lair:2   | 8890 ||| INVOKING Heroism.
  8900 | Lair:2   | 8900 ||| PLANNING LAIR
  8961 | Lair:2   | 8961 ||| INVOKING Heroism.
  8974 | Lair:2   | Reached XP level 12. HP: 61/75 MP: 16/18
  9032 | Lair:2   | 9032 ||| INVOKING Heroism.
  9229 | Lair:3   | 9229 ||| Stepping ~*~*~tactically~*~*~ (stealth).
  9230 | Lair:3   | 9230 ||| Stepping ~*~*~tactically~*~*~ (stealth).
  9274 | Lair:3   | Identified the +4 great sword of Destiny {freeze, *Slow
                  | rPois rN++ Int+2}
  9451 | Lair:3   | Found a staircase to the Shoals.
  9477 | Lair:3   | Reached ***** piety under Okawaru
  9481 | Lair:3   | Reached skill level 9 in Invocations
  9487 | Lair:3   | 9487 ||| INVOKING Heroism.
  9507 | Lair:3   | Reached skill level 9 in Fighting
  9638 | Lair:3   | 9638 ||| INVOKING Heroism.
  9861 | Lair:3   | 9861 ||| DROPPING +1 war axe of venom.
  9865 | Lair:3   | 9865 ||| INVOKING Heroism.
 10346 | Lair:3   | 10346 ||| DRINKING 3 smoky emerald potions.
 10460 | Lair:4   | 10460 ||| Stepping ~*~*~tactically~*~*~ (stealth).
 10540 | Lair:4   | 10540 ||| Stepping ~*~*~tactically~*~*~ (stealth).
 10542 | Lair:4   | 10542 ||| INVOKING Heroism.
 10574 | Lair:4   | 10574 ||| Stepping ~*~*~tactically~*~*~ (stealth).
 10647 | Lair:4   | 10647 ||| Stepping ~*~*~tactically~*~*~ (stealth).
 10650 | Lair:4   | 10650 ||| Stepping ~*~*~tactically~*~*~ (stealth).
 10678 | Lair:4   | Identified the +0 executioner's axe of Misery {heavy,
                  | Fragile +Blink Int+3 Dex+5} (Okawaru gifted it to you on
                  | level 4 of the Lair of Beasts)
 10678 | Lair:4   | Received a gift from Okawaru
 10684 | Lair:4   | 10684 ||| INVOKING Heroism.
 10710 | Lair:4   | 10710 ||| INVOKING Heroism.
 10914 | Lair:4   | 10914 ||| INVOKING Heroism.
 10925 | Lair:4   | Reached skill level 12 in Axes
 10953 | Lair:4   | 10953 ||| INVOKING Heroism.
 10954 | Lair:4   | 10954 ||| Stepping ~*~*~tactically~*~*~ (stealth).
 10955 | Lair:4   | 10955 ||| Stepping ~*~*~tactically~*~*~ (stealth).
 11013 | Lair:4   | 11013 ||| INVOKING Heroism.
 11035 | Lair:4   | Noticed a skyshark
 11055 | Lair:4   | Killed a skyshark
 11100 | Lair:4   | 11100 ||| INVOKING Heroism.
 11178 | Lair:4   | 11178 ||| Stepping ~*~*~tactically~*~*~ (stealth).
 11179 | Lair:4   | 11179 ||| Stepping ~*~*~tactically~*~*~ (stealth).
 11180 | Lair:4   | 11180 ||| Stepping ~*~*~tactically~*~*~ (stealth).
 11181 | Lair:4   | 11181 ||| Stepping ~*~*~tactically~*~*~ (stealth).
 11184 | Lair:4   | 11184 ||| Stepping ~*~*~tactically~*~*~ (stealth).
 11246 | Lair:4   | 11246 ||| Stepping ~*~*~tactically~*~*~ (stealth).
 11262 | Lair:4   | Reached XP level 13. HP: 80/80 MP: 20/20
 11463 | Lair:5   | Entered Level 5 of the Lair of Beasts
 11464 | Lair:5   | 11464 ||| INVOKING Heroism.
 11466 | Lair:5   | 11466 ||| Stepping ~*~*~tactically~*~*~ (stealth).
 11472 | Lair:5   | 11472 ||| SWAPPING to +0 morningstar.
 11492 | Lair:5   | HP: 19/82 [four-headed hydra (3)]
 11493 | Lair:5   | 11493 ||| READING 3 scrolls of teleportation.
 11495 | Lair:5   | HP: 4/82 [four-headed hydra (6)]
 11498 | Lair:5   | 11498 ||| READING 2 scrolls of teleportation.
 11499 | Lair:5   | 11499 ||| SWAPPING to +2 vampiric war axe.
 11539 | Lair:5   | 11539 ||| INVOKING Heroism.
 11681 | Lair:5   | 11681 ||| Stepping ~*~*~tactically~*~*~ (stealth).
 11682 | Lair:5   | 11682 ||| Stepping ~*~*~tactically~*~*~ (stealth).
 11702 | Lair:5   | 11702 ||| INVOKING Heroism.
 11703 | Lair:5   | 11703 ||| SWAPPING to +0 morningstar.
 11707 | Lair:5   | 11707 ||| SWAPPING to +2 vampiric war axe.
 11753 | Lair:5   | 11753 ||| INVOKING Heroism.
 11759 | Lair:5   | 11759 ||| SWAPPING to +0 morningstar.
 11768 | Lair:5   | 11768 ||| SWAPPING to +2 vampiric war axe.
 11801 | Lair:5   | 11801 ||| INVOKING Heroism.
 11837 | Lair:5   | Noticed a dire elephant
 11837 | Lair:5   | Noticed a dire elephant
 11837 | Lair:5   | Noticed a dire elephant
 11837 | Lair:5   | Noticed a dire elephant
 11838 | Lair:5   | 11838 ||| INVOKING Heroism.
 11838 | Lair:5   | Noticed a dire elephant
 11854 | Lair:5   | HP: 19/82 [death yak (11)]
 11855 | Lair:5   | 11855 ||| READING 2 scrolls of teleportation.
 11856 | Lair:5   | Killed a dire elephant
 11881 | Lair:5   | 11881 ||| INVOKING Heroism.
 11893 | Lair:5   | Reached skill level 13 in Axes
 11969 | Lair:5   | 11969 ||| INVOKING Heroism.
 12042 | Lair:5   | Reached skill level 9 in Armour
 12046 | Lair:5   | 12046 ||| Stepping ~*~*~tactically~*~*~ (stealth).
 12148 | Lair:5   | Found a viscous altar of Jiyva.
 12149 | Lair:5   | Found a staircase to the Slime Pits.
 12319 | Lair:5   | 12319 ||| INVOKING Heroism.
 12337 | Lair:5   | 12337 ||| INVOKING Heroism.
 12378 | Lair:5   | 12378 ||| INVOKING Heroism.
 12379 | Lair:5   | Gained mutation: Your natural rate of healing is unusually
                  | fast. [a neqoxec]
 12381 | Lair:5   | Gained mutation: You sometimes lose your temper in combat.
                  | [a neqoxec]
 12434 | Lair:5   | 12434 ||| INVOKING Heroism.
 12459 | Lair:5   | 12459 ||| DRINKING potion of cancellation.
 12473 | Lair:5   | 12473 ||| INVOKING Heroism.
 12491 | Lair:5   | 12491 ||| DRINKING 2 potions of mutation.
 12491 | Lair:5   | Lost mutation: Your natural rate of healing is unusually
                  | fast. [potion of mutation]
 12491 | Lair:5   | Lost mutation: You sometimes lose your temper in combat.
                  | [potion of mutation]
 12491 | Lair:5   | Gained mutation: Your muscles are strong. (Str +4, Int/Dex
                  | -1) [potion of mutation]
 12491 | Lair:5   | Gained mutation: Your body sometimes deteriorates upon
                  | taking damage. [potion of mutation]
 12491 | Lair:5   | Gained mutation: You have very sharp teeth. [potion of
                  | mutation]
 12520 | Lair:5   | 12520 ||| INVOKING Heroism.
 12539 | Lair:5   | Killed a dire elephant
 12551 | Lair:5   | Killed a dire elephant
 12555 | Lair:5   | Slain by a dire elephant simulacrum

Levels and vault maps discovered:
D:1:      dpeg_arrival_tiny_c, layout_loops_cross
D:2:      layout_basic
D:3:      layout_basic, mainiacjoe_overflow_tiny_flanked,
          gammafunk_ghost_necromancy, lightli_corner_chamber, uniq_grinder
D:4:      layout_gridville, minmay_temple_entry_overgrown, serial_shops,
          nicolae_shop_waterfront
D:5:      layout_loops_corners, lemuel_doored_altar,
          mainiacjoe_overflow_alcove_1, kennysheep_flooded_box, minmay_holes,
          st_stairs_12
D:6:      kennysheep_big_flooded_room, layout_loops_corners,
          minmay_misc_feat_four_crosses, uniq_duvessa, uniq_crazy_yiuf_cottage,
          uniq_pikel
D:7:      layout_basic, zin_scriptorium
D:8:      layout_loops_ring, nicolae_overflow_crystal_walls, lair_entry_dummy,
          serial_shops, shop
Temple:   nicolae_temple_superstar
Lair:1:   layout_hall_layers, lemuel_old_faithful
Lair:2:   layout_long_grid, nicolae_spider_entry_orb_guardian
Lair:3:   layout_layer_cave, elwin_shoals_entry_rocks, grunt_megastairs_2,
          infiniplex_staircase_pool
Lair:4:   layout_cave_pods, nicolae_quartered_pool_medium, ldierk_geyser
Lair:5:   due_jungle_book, layout_big_grid, slime_entry_1, grunt_megastairs_1,
          lemuel_fruit_tree, infiniplex_staircase_pool_2, lemuel_fruit_fields

Skill      XL: |  1  2  3  4  5  6  7  8  9 10 11 12 13 |
---------------+----------------------------------------+-----
Axes           | 2 3 5 6 7 8 9 10 11 12 13 | 13.6
Fighting       | 4 5 7 8 9 10 | 10.0
Dodging        | 1 2 |  2.0
Invocations    | 1 4 8 10 | 10.0
Throwing       | 2 3 |  3.0
Shields        | 4 8 9 10 11 | 11.0
Armour         | 4 6 8 9 |  9.0

Action                     |  1- 3 |  4- 6 |  7- 9 | 10-12 | 13-15 || total
---------------------------+-------+-------+-------+-------+-------++-------
  Melee: War axe           |    99 |    70 |   263 |   623 |   327 ||  1382
         Morningstar       |       |       |       |       |    35 ||    35
         Bite              |       |       |       |       |     8 ||     8
  Throw: Javelin           |       |       |    12 |    14 |       ||    26
 Invoke: Heroism           |       |       |    10 |    22 |    14 ||    46
    Use: Scroll            |     5 |     3 |    10 |     5 |     3 ||    26
         Potion            |     1 |     1 |     3 |     2 |     2 ||     9
   Stab: Petrifying        |       |       |       |       |     2 ||     2
 Armour: Scale mail        |    48 |    53 |    81 |       |       ||   182
         Ring mail         |       |       |    15 |       |       ||    15
         Plate armour      |       |       |     1 |   194 |   211 ||   406
  Dodge: Dodged            |    39 |    32 |   106 |   210 |   212 ||   599
  Block: Buckler           |    10 |    10 |    47 |    21 |       ||    88
         Kite shield       |       |       |       |   396 |   423 ||   819
         Reflection        |       |       |       |     2 |       ||     2

Table legend:
 A = Non-vault XP
 B = Vault XP
 C = Vault XP percentage of total XP
 D = Non-vault monster count
 E = Vault monster count
 F = Vault count percentage of total count
                 A         B        C        D         E       F
            +---------+---------+-------+---------+---------+-------
      Total |   38241 |    9109 |  19.2 |     269 |      17 |   5.9
            +---------+---------+-------+---------+---------+-------
        D:1 |      32 |       0 |   0.0 |      16 |       0 |   0.0
        D:2 |      25 |       0 |   0.0 |      12 |       0 |   0.0
        D:3 |      26 |     272 |  91.3 |       8 |       1 |  11.1
        D:4 |     283 |       0 |   0.0 |      25 |       0 |   0.0
        D:5 |     892 |      16 |   1.8 |      25 |       2 |   7.4
        D:6 |     472 |    1773 |  79.0 |      13 |       5 |  27.8
        D:7 |     759 |       0 |   0.0 |      17 |       0 |   0.0
        D:8 |    1802 |       0 |   0.0 |      14 |       0 |   0.0
     Lair:1 |   10299 |       0 |   0.0 |      41 |       0 |   0.0
     Lair:2 |    2209 |       0 |   0.0 |      11 |       0 |   0.0
     Lair:3 |    5301 |       0 |   0.0 |      23 |       0 |   0.0
     Lair:4 |    7986 |       0 |   0.0 |      37 |       0 |   0.0
     Lair:5 |    8155 |    7048 |  46.4 |      27 |       9 |  25.0
            +---------+---------+-------+---------+---------+-------
